 Dungeon Crawl Stone Soup version 0.31.0-32-g396128a36d (webtiles) character file.

Game seed: 1597149292081338651

72 Peloso the Trooper (level 4, 0/41 HPs)
             Began as a Minotaur Fighter on Apr 7, 2024.
             Slain by a gnoll
             ... wielding a +0 halberd
              (9 damage)
             ... on level 2 of the Dungeon.
             The game lasted 00:01:38 (1428 turns).

Peloso the Trooper (Minotaur Fighter)               Turns: 1428, Time: 00:01:39

Health: 0/41       AC:  7    Str: 21    XL:     4   Next: 6%
Magic:  3/3        EV:  9    Int:  5    God:
Gold:   50         SH:  5    Dex: 17    Spells: 3/3 levels left

rFire   . . .        a - +0 long sword
rCold   . . .        c - +0 buckler
rNeg    . . .        b - +0 scale mail
rPois   .            (helmet restricted)
rElec   .            (no cloak)
rCorr   .            (no gloves)
SInv    .            (no boots)
Will    .....        (no amulet) Stlth
                     h - +6 ring of dexterity
HPRegen 0.26/turn    (no ring)
MPRegen 0.08/turn

%: no passive effects
@: no status effects
A: horns 2, retaliatory headbutt
a: no special abilities


You were on level 2 of the Dungeon.
You visited 1 branch of the dungeon, and saw 2 of its levels.

You collected 50 gold pieces.

Inventory:

Hand Weapons
 a - a +0 long sword (weapon)
Armour
 b - a +0 scale mail (worn)
 c - a +0 buckler (worn)
Jewellery
 h - a +6 ring of dexterity (left hand)
 j - a ring of flight
Scrolls
 e - 2 scrolls of blinking {unknown}
 g - a scroll of identify {unknown}
 i - a scroll of enchant weapon {unknown}
Potions
 d - 2 potions of might
 f - a potion of curing


   Skills:
 + Level 4.5 Fighting
 + Level 3.6 Long Blades
 + Level 4.1 Armour
 + Level 4.0 Shields


You had 3 spell levels left.
You didn't know any spells.
Your spell library contained the following spells:

 Spells                   Type           Power      Damage    Failure   Level
 Magic Dart               Conj           0%         1d3       86%         1
 Blink                    Tloc           0%         N/A       95%         2
 Call Imp                 Summ           0%         N/A       95%         2
 Lesser Beckoning         Tloc           0%         N/A       95%         2
 Sublimation of Blood     Necr           0%         N/A       95%         2
 Call Canine Familiar     Summ           0%         N/A       99%         3
 Gell's Gravitas          Tloc           0%         N/A       99%         3
 Sigil of Binding         Hex            0%         N/A       99%         3
 Teleport Other           Tloc           0%         N/A       99%         3
 Dimensional Bullseye     Hex/Tloc       0%         N/A       100%        4
 Summon Hydra             Summ           0%         N/A       100%        7


Dungeon Overview and Level Annotations

Branches:
Dungeon (2/15)

Altars:

Shops:
D:1 *


Innate Abilities, Weirdness & Mutations

You have a pair of horns on your head.
You reflexively headbutt those who attack you in melee.


Message History

The adder barely misses you.
You slash the adder!
You kill the adder!
A gnoll comes into view. It is wielding a +0 halberd.
A hobgoblin comes into view.
A gnoll comes into view. It is wielding a +0 club.
A gnoll comes into view. It is wielding a +0 club.
A gnoll comes into view. It is wielding a +0 whip.
You see here a +0 chain mail.
Found a stone staircase leading up.
The gnoll closely misses you. You furiously retaliate!
You headbutt the gnoll! The gnoll attacks as it pursues you!
The gnoll hits you with a +0 whip.
You see here a +0 chain mail.
The gnoll attacks as it pursues you!
The gnoll hits you from afar with a +0 halberd!
The gnoll attacks as it pursues you! The gnoll hits you but does no damage.
The gnoll attacks as it pursues you! The gnoll closely misses you.
The gnoll barely misses you. The gnoll attacks as it pursues you!
The gnoll hits you but does no damage.
You barely miss the gnoll.
The gnoll is almost dead.
The gnoll barely misses you. You furiously retaliate!
You headbutt the gnoll!
You kill the gnoll!
You have reached level 4!
You feel stronger. The gnoll attacks as it pursues you!
The gnoll hits you from afar with a +0 halberd!
The gnoll attacks as it pursues you! The gnoll barely misses you.
The gnoll hits you with a +0 halberd.
You barely miss the gnoll. You headbutt the gnoll!
The gnoll is heavily wounded.
The gnoll hits you with a +0 halberd.
* * * LOW HITPOINT WARNING * * *
You barely miss the gnoll. You headbutt the gnoll.
The gnoll is severely wounded.
The gnoll hits you but does no damage.
You closely miss the gnoll.
The gnoll is severely wounded.
The gnoll hits you with a +0 halberd!
You die...

#....
######.#...#####...##
#.... #.)..#.##.## ##.##
.##.... #.##.#..#.# #.#
......g##.##.#..#.# #.#
......g.g.##g#.##.# #.#
#.......######g#.##.##
##.### #......
#g###...#####...#. #..###
#g##..⌠.......⌠..# ###..#
#@###...#####...## ..#..#
#######.####.#### ##.##
#.#..#####...÷÷..÷.......#
#.##
#.#......#.#####.....#.#.#
#.#
#.#.............####.#.#.#
#.#
<.....##.#.####.####.#.#.#
#.#
#.#.#.##.#.#...........#.#
#.#
#.#....#.#.##.#.########.#
#.#
#.#.#..#....#.#........#.#
#.#


You could see 3 gnolls and a hobgoblin.

Vanquished Creatures
  An adder (D:2)
  A gnoll (D:2)
  3 dart slugs
  2 endoplasms (D:1)
  2 giant cockroaches
  2 goblins (D:1)
  3 hobgoblins (D:1)
  8 jackals (D:2)
  A kobold (D:1)
  2 quokkas
  2 ball pythons
  9 bats
  2 frilled lizards (D:1)
  4 rats
42 creatures vanquished.

Notes
Turn   | Place    | Note
-------+----------+-------------------------------------------
     0 | D:1      | Peloso the Minotaur Fighter began the quest for the Orb.
     0 | D:1      | Reached XP level 1. HP: 19/19 MP: 0/0
   240 | D:1      | Reached XP level 2. HP: 27/27 MP: 1/1
   327 | D:1      | Found Qamom's Assorted Antiques.
   841 | D:2      | Reached XP level 3. HP: 33/33 MP: 2/2
  1417 | D:2      | Reached XP level 4. HP: 24/41 MP: 3/3
  1428 | D:2      | Slain by a gnoll

Illustrated notes

Levels and vault maps discovered:
D:1:      dpeg_arrival_tiny_f, layout_basic, serial_shops, shop, st_stairs_13
D:2:      layout_basic, minmay_misc_feat_tower

Skill      XL: |  1  2  3 |
---------------+----------+-----
Fighting       | 4 |  4.5
Armour         | 4 |  4.1
Long Blades    | 3 |  3.6
Shields        | 4 |  4.0

Action                     |  1- 3 |  4- 6 || total
---------------------------+-------+-------++-------
  Melee: Long sword        |    85 |     3 ||    88
         Headbutt          |    12 |     2 ||    14
    Use: Scroll            |     1 |       ||     1
         Potion            |     1 |       ||     1
 Armour: Scale mail        |    67 |     5 ||    72
  Dodge: Dodged            |    65 |     1 ||    66
  Block: Buckler           |    21 |       ||    21
